 Dungeon Crawl Stone Soup version 0.30-a0-241-g1121274140 (console) character file.

Game seed: 9611479548086899618

1929 jejorda2 the Carver (level 8, -1/70 HPs)
             Began as a Purple Draconian Berserker on Oct 10, 2022.
             Was a Believer of Trog.
             Slain by a yak (7 damage)
             ... on level 5 of the Dungeon.
             The game lasted 00:10:58 (4829 turns).

jejorda2 the Carver (Purple Draconian Berserker)    Turns: 4829, Time: 00:10:58

Health: -1/70      AC:  9    Str: 20    XL:     8   Next: 97%
Magic:  8/8        EV: 14    Int:  8    God:    Trog [**....]
Gold:   348        SH:  0    Dex: 12    Spells: 7/7 levels left

rFire   + . .      SeeInvis +    H - +4 dagger
rCold   + + .      Faith    +    (no shield)
rNeg    . . .      Spirit   .    (body armour unavailable)
rPois   +          Reflect  .    (helmet restricted)
rElec   +          Harm     .    E - +1 cloak {rCorr}
rCorr   +          Rampage  .    j - +0 pair of gloves
Will    +....                    (no boots)
Stlth   +.........               z - amulet of faith
HPRegen 0.31/turn                C - ring of protection from cold
MPRegen 0.11/turn                (no ring)

@: resistant, on berserk cooldown, flying, slowed, very slow
A: breathe power, AC +6, unfitting armour, cold-blooded, big wings, see
invisible, wild magic 1, inability to drink after injury 1
a: Breathe Dispelling Energy, Renounce Religion, Berserk, Trog's Hand


You were on level 5 of the Dungeon.
You worshipped Trog.
Trog was pleased with you.
You visited 1 branch of the dungeon, and saw 5 of its levels.
You also visited: Sewer.

You collected 348 gold pieces.

Inventory:

Hand Weapons
 a - a +0 falchion
 H - a +4 dagger (weapon)
Missiles
 b - 41 stones (quivered)
 g - 2 atropa-tipped darts
 q - 6 boomerangs
 w - 2 javelins
Armour
 j - a +0 pair of gloves (worn)
 E - a +1 cloak of preservation (worn)
Jewellery
 z - an amulet of faith (around neck)
 C - a ring of protection from cold (left hand)
Wands
 u - a wand of polymorph (2)
 F - a wand of roots (6)
Scrolls
 d - a scroll of amnesia
 e - 2 scrolls of butterflies {unknown}
 i - 2 scrolls of teleportation
 k - 8 scrolls of identify {unknown}
 t - 2 scrolls of immolation {unknown}
 v - a scroll of brand weapon {unknown}
 x - 2 scrolls of enchant weapon {unknown}
 y - 2 scrolls of acquirement {unknown}
 D - 2 scrolls of blinking {unknown}
Potions
 c - a potion of ambrosia {unknown}
 m - a potion of berserk rage
 n - 2 potions of might {unknown}
 o - 2 potions of heal wounds {unknown}
 p - 3 potions of flight {unknown}
 r - 3 potions of curing {unknown}
 s - a potion of mutation
 A - a potion of attraction {unknown}
 B - a potion of magic {unknown}
 G - a potion of lignification {unknown}


   Skills:
 - Level 6.0 Fighting
 * Level 4.5(7.1) Short Blades
 * Level 8.5(9.0) Long Blades
 + Level 5.7 Dodging


You had 7 spell levels left.
You didn't know any spells.
Your spell library was empty.

Dungeon Overview and Level Annotations

Branches:
Dungeon (5/15)              Sewer (visited)
 Temple: D:4-7

Altars:
Ashenzari
Gozag
Ru
Yredelemnul


Innate Abilities, Weirdness & Mutations

You can breathe bolts of dispelling energy.
Your rich purple scales are hard. (AC +6)
You cannot fit into any form of body armour.
You are cold-blooded and may be slowed by cold attacks.
Your large and strong wings let you fly.
You have supernaturally acute eyesight. (SInv)
Your spells are a little harder to cast, but a little more powerful.
You occasionally lose the ability to drink potions when taking damage.


Message History

You completely miss the yak. The yak gores you.
You hit the yak.
The yak is lightly wounded.
The yak gores you but does no damage.
You barely miss the yak.
The yak is lightly wounded.
The yak gores you.
You hit the yak.
The yak is lightly wounded.
The yak gores you!
You completely miss the yak. You tail-slap the yak.
The yak is moderately wounded.
The yak closely misses you.
You hit the yak.
The yak is moderately wounded.
The yak gores you!
* * * LOW HITPOINT WARNING * * *
It was a potion of berserk rage.
You're still recovering from your berserk rage.
The yak gores you but does no damage.
It was a potion of mutation.
You feel extremely strange.
You occasionally lose the ability to drink potions when taking damage.
Your vision sharpens.
You feel less in control of your magic.
Your wings grow larger and stronger.
The yak barely misses you. The yak gores you!
You feel threatened and lose the ability to drink potions!
* * * LOW HITPOINT WARNING * * *
You hit the yak but do no damage.
The yak is moderately wounded.
You have got your breath back.
The yak closely misses you.
You puncture the yak!
The yak is heavily wounded.
You can drink potions again.
The yak gores you.
* * * LOW HITPOINT WARNING * * *
It was a potion of resistance.
You feel protected. The yak gores you!
You die...

....#..# **###...)###..#~.....~#.
.......#*#.............#~.....~#.
..####.......#####...###~.....~#.
###**,.....########..###~~~~~~~##
# **,,,....,,..........#########
#**,,,,###.#*######.........#
.,,,,*** #...##* #........##
.,,*** **#...####.#......# #***
**#..@YY.#......# #
#####†.###..### #........#******
*****************#.##...#...,,,,,
,,,,,,,,,,,,,,,,,...........,,,,,
************######....####*****,,
#......>.Y.# **, #..........# *,
#......Y...# *,


You could see 2 yaks.

Vanquished Creatures
  Grinder (D:4)
  4 yaks (D:5)
  Menkaure (D:4)
  Edmund (D:4)
  A water moccasin (Sewer)
  A black bear (D:5)
  An ice beast (D:4)
  A sky beast (D:4)
  An ogre (D:5)
  A bullfrog (D:5)
  A scorpion (D:3)
  A hound (D:5)
  Crazy Yiuf (D:4)
  3 iguanas
  Natasha (thrice) (D:3)
  3 gnolls (D:3)
  2 adders
  A white imp (D:4)
  An ufetubus (D:4)
  5 worms
  A dart slug (D:4)
  7 orcs
  10 ball pythons
  4 bats
  An endoplasm (D:1)
  4 giant cockroaches
  5 goblins
  6 hobgoblins
  5 jackals
  6 quokkas
  3 frilled lizards
  2 kobolds (D:1)
  6 rats
94 creatures vanquished.

Notes
Turn   | Place    | Note
-------+----------+-------------------------------------------
     0 | D:1      | jejorda2 the Draconian Berserker began the quest for the
                  | Orb.
     0 | D:1      | Reached XP level 1. HP: 19/19 MP: 1/1
   188 | D:1      | Reached XP level 2. HP: 26/26 MP: 2/2
  1093 | D:2      | Reached XP level 3. HP: 29/33 MP: 3/3
  1194 | D:2      | Found a sacrificial altar of Ru.
  1481 | D:2      | Reached ** piety under Trog
  1684 | D:3      | Reached skill level 4 in Long Blades
  1702 | D:3      | Identified the +6 dagger "Concordance" {chaos, Will- Str+3
                  | Int+2 Stlth+}
  1725 | D:3      | Reached XP level 4. HP: 40/40 MP: 4/4
  1817 | D:3      | Noticed Natasha
  1828 | D:3      | Killed Natasha
  1895 | D:3      | Noticed Natasha
  1912 | D:3      | Killed Natasha
  2003 | D:3      | Noticed Natasha
  2023 | D:3      | Killed Natasha
  2024 | D:3      | Reached XP level 5. HP: 24/46 MP: 5/5
  2253 | D:3      | Found a broken altar of Ashenzari.
  2254 | D:3      | Found a basalt altar of Yredelemnul.
  2416 | D:3      | Found an opulent altar of Gozag.
  2603 | D:3      | Reached skill level 5 in Long Blades
  2914 | D:4      | Noticed Grinder
  2924 | D:4      | Killed Grinder
  2925 | D:4      | Reached skill level 5 in Fighting
  2925 | D:4      | Reached XP level 6. HP: 56/56 MP: 6/6
  3445 | D:4      | Noticed an ice beast
  3445 | D:4      | Noticed a sky beast
  3468 | D:4      | Killed an ice beast
  3469 | D:4      | Reached skill level 6 in Long Blades
  3469 | D:4      | Your scales start taking on a rich purple colour.
  3469 | D:4      | Reached XP level 7. HP: 61/61 MP: 7/7
  3632 | D:4      | Noticed Menkaure
  3639 | D:4      | Killed Menkaure
  3755 | D:4      | Found a runed translucent door.
  3756 | D:4      | Noticed Crazy Yiuf
  3768 | D:4      | Killed Crazy Yiuf
  3969 | D:4      | Noticed Edmund
  3986 | D:4      | Killed Edmund
  3987 | D:4      | Reached skill level 7 in Long Blades
  4156 | D:5      | Entered Level 5 of the Dungeon
  4156 | D:5      | Noticed a yak
  4156 | D:5      | Noticed a yak
  4156 | D:5      | Noticed a yak
  4156 | D:5      | Noticed a yak
  4156 | D:5      | Noticed a yak
  4156 | D:5      | Noticed a yak
  4200 | D:5      | Reached skill level 1 in Short Blades
  4200 | D:5      | Reached skill level 5 in Dodging
  4200 | D:5      | Reached XP level 8. HP: 28/70 MP: 8/8
  4244 | D:5      | Found a glowing drain.
  4272 | Sewer    | Entered a sewer
  4805 | D:5      | Reached skill level 8 in Long Blades
  4826 | D:5      | Gained mutation: You occasionally lose the ability to drink
                  | potions when taking damage. [potion of mutation]
  4826 | D:5      | Gained mutation: You have supernaturally acute eyesight.
                  | (SInv) [potion of mutation]
  4826 | D:5      | Gained mutation: Your spells are a little harder to cast,
                  | but a little more powerful. [potion of mutation]
  4826 | D:5      | Gained mutation: Your large and strong wings let you fly.
                  | [potion of mutation]
  4829 | D:5      | Slain by a yak

Illustrated notes

Levels and vault maps discovered:
D:1:      nicolae_arrival_somewhat_less_tricky_arrival, layout_basic
D:2:      layout_loops_ring, basic_altar, minmay_pentomino_pile
D:3:      layout_loops_ring, grunt_gozag_breadcrumbs, minitemple,
          chequers_serial_rivers_large_a, minmay_misc_feat_rows,
          kennysheep_generic_room_4, uniq_natasha
D:4:      layout_rooms, minivault_26, minmay_fractal_squares_5, uniq_menkaure,
          uniq_grinder, uniq_crazy_yiuf_cottage, uniq_edmund
D:5:      layout_rooms, cheibrodos_sewer_entry_bend, dk_vineyard_1

Skill      XL: |  1  2  3  4  5  6  7  8 |
---------------+-------------------------+-----
Dodging        | 3 4 5 |  5.7
Long Blades    | 4 5 6 7 8 |  8.5
Fighting       | 4 5 6 |  6.0
Short Blades   | 1 4 |  4.5

Action                   |  1- 3 |  4- 6 |  7- 9 || total
-------------------------+-------+-------+-------++-------
Melee: Falchion          |   150 |   135 |    35 ||   320
       Tailslap          |    12 |    20 |    25 ||    57
       Punch             |     1 |     2 |     2 ||     5
       Dagger            |       |       |   101 ||   101
Throw: Stone             |       |       |    17 ||    17
Invok: Berserk           |     2 |     4 |     6 ||    12
       Trog's Hand       |       |     2 |     2 ||     4
 Abil: Breathe Dispellin |       |       |     7 ||     7
  Use: Scroll            |       |       |     5 ||     5
       Potion            |       |       |     3 ||     3
 Stab: Sleeping          |     2 |       |       ||     2
Armor: Skin              |    42 |    47 |    31 ||   120
Dodge: Dodged            |    93 |    98 |    64 ||   255

Table legend: (Time is in decaauts)
 A = Elapsed time spent in this place.
 B = Non-inter-level travel time spent in this place.
 C = Inter-level travel time spent in this place.
 D = Time resting spent in this place.
 E = Time spent auto-exploring this place.
 F = Levels seen in this place.
 G = Mean time per level.
                   A        B        C        D        E       F      G
               +--------+--------+--------+--------+--------+-----+--------+
         Total |   4975 |   4829 |    146 |    713 |   3152 |   6 |  829.2 |
       Dungeon |   4740 |   4594 |    146 |    634 |   3032 |   5 |  948.0 |
         Sewer |    235 |    235 |      0 |     79 |    119 |   1 |  235.0 |
               +--------+--------+--------+--------+--------+-----+--------+

Top non-repeatable levels by time:
     D:3: 1349 daAuts
     D:4: 1264 daAuts
     D:1: 900 daAuts
     D:2: 790 daAuts
     D:5: 434 daAuts
   Sewer: 235 daAuts
